[Event "Germany Countries-chT Youth 2022"]
[Site "Wiesbaden"]
[Date "2022.10.02"]
[Round "3"]
[White "Bornholdt, Joa Max"]
[Black "Lutsko, Artem"]
[Result "1/2-1/2"]
[ECO "A46"]
[WhiteElo "2196"]
[BlackElo "2431"]
[Annotator "TA"]
[PlyCount "62"]
[EventDate "2022.09.28"]
[EventType "team-tourn"]
[EventRounds "7"]
[EventCountry "GER"]
[SourceTitle "playchess.com"]
[Source "ChessBase"]
[SourceQuality "1"]
[TimeControl "40/5400+30:1800+30"]

1. d4 Nf6 2. Nf3 e6 3. g3 d5 4. Bg2 c5 5. O-O cxd4 6. Nxd4 e5 7. Nb3 Be6 8. Nc3 Be7 {[%emt 0:01:27] D02: 1 d4 d5 2 Nf3 sidelines, including 2...Nf6 3 g3 and 2...Nf6 3 Bf4.} 9. Bg5 {[%emt 0:09:11] next Bxf6 is good for White.} Nbd7 10. f4 exf4 ({But not} 10... Qb6+ 11. Kh1 $14) 11. gxf4 {[%emt 0:00:54] [#] f5 is the strong threat.} g6 (11... Nb6 $11) 12. Kh1 (12. Nxd5 Nxd5 13. Bxd5 Bxg5 14. Bxe6 fxe6 $11) 12... h6 13. Bh4 {[%emt 0:02:02] [#]} Nb6 $146 ({Predecessor:} 13... Ng4 14. Bg3 O-O 15. Nxd5 Bxd5 16. Qxd5 Ne3 17. Qxb7 Nxf1 18. Rxf1 Nb6 19. f5 Rc8 {0-1 (46) Salimova,N (2397)-Gara,T (2383) Tornelo INT 2020}) 14. Nd4 Bg4 15. Qd3 O-O 16. Rg1 {[%emt 0:08:46] Strongly threatening Bf3.} Kh8 17. Rad1 {[%emt 0:06:00] White is much more active.} Rc8 (17... Kh7 $14) 18. h3 (18. Bh3 $16 Bd7 19. Bxd7 Qxd7 20. Nf3) 18... Bh5 $11 19. Nf3 Nc4 20. Qd4 Kh7 (20... Kg8 $15) 21. b3 $132 {[%emt 0:04:16][%mdl 2048] White has counterplay. The position is equal.} ({Reject} 21. Qxa7 Bxf3 22. exf3 Nxb2 23. Bxf6 Bxf6 24. Rxd5 Qc7 $15) 21... Nd6 (21... Nb6 {feels hotter.} 22. a4 Ng8 23. Bxe7 Nxe7 24. Qd2 a6) 22. Nxd5 Nxd5 23. Qxd5 {[%emt 0:01:18] [#] aiming for Bxe7.} Bxh4 24. Qxd6 Qxd6 25. Rxd6 Bg3 26. c4 Rc7 {[%emt 0:05:00] Prevents Rd7.} 27. Rgd1 Bxf4 28. Rd7 Rfc8 29. Kg1 Bg3 30. Kf1 Kg7 31. R1d5 Bxf3 {[%emt 0:17:47] Weighted Error Value: White=0.16 (very precise) /Black=0.12 (very precise)} 1/2-1/2

[Event "Germany Countries-chT Youth 2022"]
[Site "Wiesbaden"]
[Date "2022.10.02"]
[Round "3"]
[White "Hommer, Jeremy"]
[Black "Stork, Oliver"]
[Result "0-1"]
[ECO "B51"]
[WhiteElo "2184"]
[BlackElo "2315"]
[Annotator "TA"]
[PlyCount "90"]
[EventDate "2022.09.28"]
[EventType "team-tourn"]
[EventRounds "7"]
[EventCountry "GER"]
[SourceTitle "playchess.com"]
[Source "ChessBase"]
[SourceQuality "1"]
[TimeControl "40/5400+30:1800+30"]

1. e4 c5 2. Nf3 d6 3. Bb5+ Nd7 4. O-O a6 5. Bd3 Ngf6 6. Re1 {[%emt 0:00:21] B51: Sicilian: Moscow Variation (3 Bb5+) without 3...Bd7.} e6 7. c3 b5 8. Bc2 {[%emt 0:00:13] The position is equal.} c4 9. d4 cxd3 $1 10. Qxd3 {[%emt 0:00:06] 10.Bxd3 is the hot move.} Bb7 11. a4 Nc5 12. Qe2 bxa4 13. Be3 {[%emt 0:00:16] [#] Hoping for Bxc5.} Nfd7 ({Resist} 13... Ncxe4 14. Bxa4+ Nd7 15. Na3 $14) 14. Bxc5 Nxc5 15. Rxa4 g6 (15... Be7 $5 ) 16. Rd1 {[%emt 0:01:47] aiming for Rad4.} Be7 17. Rad4 {[%emt 0:00:31] Black must now prevent b4.} O-O 18. e5 Bxf3 19. Qxf3 d5 {[%emt 0:00:15] [#]} 20. Rg4 $146 {[%emt 0:02:05] [#] Black continues to play with concentration.} (20. c4 $1 $11) ({Predecessor:} 20. c4 f6 21. Qg3 fxe5 22. Rg4 e4 23. b4 Nd3 24. Bxd3 exd3 25. c5 Rf6 26. Rf4 Rxf4 27. Qxf4 {0-1 (71) Kriebel,T (2527)-Donchenko,A (2660) Tornelo INT 2021}) 20... Qb8 $19 21. Qe2 (21. b3 $142) 21... Qxb2 22. h4 Ne4 {[%emt 0:18:21] Prevents Rd2.} 23. c4 $2 (23. Re1 {might work better.}) 23... Rac8 24. Bd3 Qxe2 25. Bxe2 f5 26. exf6 Rxf6 ({Avoid the trap} 26... Nxf6 $2 27. cxd5 Nxg4 28. Bxg4 $19) 27. cxd5 (27. Rxe4 $142 dxe4 28. Nc3) 27... Nxf2 28. d6 Nxd1 29. dxe7 Ne3 30. Re4 Nd5 31. Bxa6 Rc1+ 32. Kh2 Nxe7 33. Nd2 Nc6 34. Nf3 h6 35. Bb5 Rc5 36. Ba4 (36. Bxc6 $142 Rxc6 37. Ne5) 36... Kf8 37. Bxc6 Rxc6 {[%emt 0:02:02][%mdl 4096] Endgame KRR-KRN} 38. Ne5 Rd6 39. Ng4 Rf5 40. Nxh6 Rh5 41. Rf4+ Kg7 42. Nf7 Rdd5 {[%emt 0:00:21] Black is clearly winning.} 43. Kg3 (43. Kg1 $142 e5 44. Rf1) 43... Rd3+ 44. Kg4 e5 45. Rf2 Rf5 {[%emt 0:00:00] Weighted Error Value: White=0.51/Black=0.11 (very precise)} 0-1

[Event "Germany Countries-chT Youth 2022"]
[Site "Wiesbaden"]
[Date "2022.10.02"]
[Round "3"]
[White "Sidletskyi, Ivan"]
[Black "Jaskulski, Jan"]
[Result "1-0"]
[ECO "B56"]
[WhiteElo "2184"]
[BlackElo "1849"]
[Annotator "TA"]
[PlyCount "65"]
[EventDate "2022.09.28"]
[EventType "team-tourn"]
[EventRounds "7"]
[EventCountry "GER"]
[SourceTitle "playchess.com"]
[Source "ChessBase"]
[SourceQuality "1"]
[TimeControl "40/5400+30:1800+30"]

1. e4 c5 2. Nf3 d6 3. d4 cxd4 4. Nxd4 Nf6 5. Nc3 Nc6 6. g3 e5 7. Nde2 Be7 8. Bg2 O-O 9. O-O Bg4 10. h3 Be6 11. Nd5 {[%emt 0:04:31] B56: Classical Sicilian: Unusual Lines.} Bxd5 12. exd5 {[%emt 0:00:16] [#]} Nb8 $146 ({Predecessor:} 12... Nb4 13. c4 Rc8 14. Bd2 Na6 15. Rc1 Nd7 16. g4 Bg5 17. Ng3 Bxd2 18. Qxd2 Nc7 {0-1 (39) Poetzschmann,R-Puls,G DDR 1979}) 13. b3 {[%emt 0:10:21] White is slightly better.} Nbd7 14. Bb2 b5 15. a4 b4 16. Qd2 a5 17. f4 Qb6+ 18. Kh1 Rac8 19. Rab1 Rfe8 (19... h5 $11) 20. c4 (20. g4 $1 $14) 20... bxc3 $11 21. Bxc3 Bd8 22. b4 {[%emt 0:06:29][%cal Rb4a5] Prevents Nc5.} axb4 23. Bxb4 Qa6 24. fxe5 Rxe5 25. Nd4 Nxd5 $2 {[%emt 0:09:15] [#]} (25... Nb6 $11 {and Black has nothing to worry.}) 26. Nf3 $1 $18 ({And not} 26. Qf2 N7f6 27. Nb5 Ne3 28. Bxd6 Re6 $17) 26... Ne3 $2 (26... Rf5) 27. Nxe5 {[%emt 0:01:10][%mdl 64] Pin, Discovered Attack} Nxf1 28. Bxf1 {[%emt 0:00:28] This bishop pair is nice.} ({Less strong is} 28. Rxf1 Nxe5 29. Qxd6 Qxd6 30. Bxd6 Nc4 $16) 28... Qxa4 29. Nxd7 (29. Qxd6 $142 Bc7 30. Qxd7 Qxd7 31. Nxd7 Bxg3 32. Kg2) 29... Qxd7 30. Qxd6 Qxd6 31. Bxd6 g5 (31... Bf6 $142 32. Kg2 h5) 32. g4 Bc7 $2 {[%emt 0:00:32] [#]} (32... Rc6 33. Bb4 h6) 33. Rc1 {[%emt 0:00:11] Weighted Error Value: White=0.43/Black=0.36} 1-0

[Event "Germany Countries-chT Youth 2022"]
[Site "Wiesbaden"]
[Date "2022.10.02"]
[Round "3"]
[White "Post, Hugo"]
[Black "Faerber, David"]
[Result "1/2-1/2"]
[ECO "B12"]
[WhiteElo "2176"]
[BlackElo "2354"]
[Annotator "TA"]
[PlyCount "84"]
[EventDate "2022.09.28"]
[EventType "team-tourn"]
[EventRounds "7"]
[EventCountry "GER"]
[SourceTitle "playchess.com"]
[Source "ChessBase"]
[SourceQuality "1"]
[TimeControl "40/5400+30:1800+30"]

1. e4 c6 2. d4 d5 3. e5 Bf5 4. h4 h5 5. Bd3 Bxd3 6. Qxd3 {[%emt 0:00:07][%cal Oe5e6] B12: Caro-Kann: Advance Variation.} Qa5+ 7. Nd2 e6 8. Ngf3 Nh6 9. O-O Nf5 10. c4 Be7 11. g3 O-O {[%emt 0:00:09] [#]} 12. Re1 $146 ({Predecessor:} 12. b3 Rd8 13. Bb2 c5 14. Qe2 Nc6 15. dxc5 Bxc5 16. Kg2 Bd4 17. Rfb1 Bxb2 18. Rxb2 {½-½ (32) Zhao,Z (2529)-Le,Q (2713) Changsha 2019}) 12... Rd8 13. b3 {[%emt 0:08:46] [#]} (13. c5 $11) 13... c5 $1 $17 14. dxc5 Bxc5 15. Nf1 Nc6 {[%emt 0:09:42] And now ...dxc4 would win.} 16. Bg5 Be7 (16... Rd7 $17 17. cxd5 Rxd5) 17. Ne3 Nxe3 18. Qxe3 dxc4 19. bxc4 Qc7 20. Rab1 Rac8 21. Qe2 Nd4 22. Nxd4 Rxd4 23. Qb2 Rd7 24. Bxe7 Rxe7 25. Re4 Rd7 26. Qe2 $1 Qa5 27. Qxh5 Qxa2 28. Rc1 {[%emt 0:00:34] [#]} (28. Rd1 $1 $11 {keeps the balance.} Rcd8 29. Rxd7 Rxd7 30. Qf3) 28... Qd2 (28... b5 $1 $17 {[%cal Rb5b4] Strongly threatening ...b4.} 29. Qg5 Rxc4 30. Rexc4 bxc4) 29. Rf1 Qd3 30. Qg4 {[%emt 0:00:17] The position is equal.} Rcd8 31. h5 Qd2 32. Rf4 {[%emt 0:00:19] aiming for h6.} Qc2 33. h6 Qg6 34. Qxg6 fxg6 35. hxg7 Kxg7 $11 {[%emt 0:00:17][%mdl 4096] Endgame KRR-KRR} 36. Ra1 Rd1+ 37. Rxd1 Rxd1+ {[%emt 0:00:05] KR-KR} 38. Kg2 Re1 39. Rd4 Rxe5 40. Rd7+ Kf6 41. Rxb7 Rc5 42. Rxa7 Ke5 {Weighted Error Value: White=0.15 (very precise) /Black=0.12 (very precise)} 1/2-1/2

[Event "Germany Countries-chT Youth 2022"]
[Site "Wiesbaden"]
[Date "2022.10.02"]
[Round "3"]
[White "Jeschke, Jan"]
[Black "Wong, Gengchun"]
[Result "0-1"]
[ECO "C45"]
[WhiteElo "2146"]
[BlackElo "2195"]
[Annotator "TA"]
[PlyCount "68"]
[EventDate "2022.09.28"]
[EventType "team-tourn"]
[EventRounds "7"]
[EventCountry "GER"]
[SourceTitle "playchess.com"]
[Source "ChessBase"]
[SourceQuality "1"]
[TimeControl "40/5400+30:1800+30"]

1. e4 e5 2. Nf3 Nc6 3. d4 exd4 4. Nxd4 Nf6 5. Nxc6 bxc6 6. e5 Qe7 7. Qe2 Nd5 8. h4 (8. c4 $5 Nb6 9. b3 $11) 8... Qe6 {[%emt 0:00:09] C45: Scotch Game.} 9. h5 a5 10. h6 $1 gxh6 {[%emt 0:00:48] The position is equal.} 11. c4 Nb6 (11... Bb4+ {seems wilder.} 12. Nd2 Nf4 13. Qe3 Ng6) 12. Nd2 (12. Bf4 $14) 12... Ba6 13. b3 {[%emt 0:01:55] [#]} Bg7 $146 ({Predecessor:} 13... O-O-O 14. Bb2 Bg7 15. O-O-O Rhe8 16. f4 f6 17. Ne4 fxe5 18. Nc5 Qf5 19. Nxa6 exf4 {1-0 (45) Nepomniachtchi,I (2784)-Giri,A (2764) chess24.com INT 2020}) 14. Bb2 {[%emt 0:07:11] With the idea Ne4.} d5 {[%emt 0:04:33] Against Ne4} 15. cxd5 cxd5 16. Qe3 Bxf1 17. Kxf1 O-O 18. Nf3 Nd7 19. Re1 c5 {[%emt 0:01:32] Inhibits Nd4.} 20. Rh3 d4 21. Qe4 Rae8 22. Rg3 Kh8 23. Bc1 f6 ({Of course not} 23... Nxe5 24. Rxg7 Qa6+ 25. Re2 $11) ({Black should play} 23... a4 $17 24. Qg4 Rg8) 24. exf6 $11 Qa6+ 25. Kg1 (25. Qe2 $1 $11 {remains equal.} Rxf6 26. Qxa6 Rxe1+ 27. Nxe1 Rxa6 28. Nd3) 25... Nxf6 $17 {[%emt 0:00:07] Chess con chili.} 26. Qc2 Rxe1+ 27. Nxe1 Re8 $36 {[%emt 0:06:02][%mdl 2048] Black is really pushing.} 28. Nd3 {[%emt 0:00:46] [#]} Ne4 29. Rxg7 {[%emt 0:02:43] White does not recover from this.} Kxg7 $19 30. Nxc5 $2 (30. Bd2) 30... Qc8 31. Bb2 Nc3 {[%emt 0:00:43] Against Qd1} 32. Nd3 {[%emt 0:01:36] Against Re1+} Ne2+ {[%emt 0:00:09] Black mates.} 33. Qxe2 Rxe2 34. Bxd4+ Kg8 {[%emt 0:00:11] Weighted Error Value: White=0.70/Black=0.11 (very precise)} 0-1

[Event "Germany Countries-chT Youth 2022"]
[Site "Wiesbaden"]
[Date "2022.10.02"]
[Round "3"]
[White "Geltz, Noah"]
[Black "Musiolik, David"]
[Result "1/2-1/2"]
[ECO "B10"]
[WhiteElo "2142"]
[BlackElo "2252"]
[Annotator "TA"]
[PlyCount "46"]
[EventDate "2022.09.28"]
[EventType "team-tourn"]
[EventRounds "7"]
[EventCountry "GER"]
[SourceTitle "playchess.com"]
[Source "ChessBase"]
[SourceQuality "1"]
[TimeControl "40/5400+30:1800+30"]

1. e4 c6 2. Nf3 d5 3. d3 dxe4 4. dxe4 Qxd1+ 5. Kxd1 Nf6 6. Nfd2 {[%emt 0:00:32] B10: Caro-Kann: 2 d3 and 2 c4.} g5 7. a4 a5 {[%emt 0:13:01] [#]} (7... g4 $11) 8. Nc3 $146 {[%emt 0:15:44] White is slightly better.} (8. f3 $5 ) ({Predecessor:} 8. c3 Be6 9. f3 Nbd7 10. Bc4 Bxc4 11. Nxc4 g4 12. Bf4 gxf3 13. gxf3 Rg8 14. Nbd2 {1-0 (60) Pichot,A (2630)-Blomqvist,E (2535) Chess.com INT 2021}) 8... Nbd7 9. Nc4 Ng4 10. Ke1 h6 11. h4 Rg8 12. hxg5 hxg5 13. Rh5 f6 14. Nd1 {[%emt 0:03:50] White is more active.} e6 15. f3 Nge5 16. Bd2 b6 17. Nde3 Kf7 18. Rd1 Kg6 19. Rh3 Bc5 20. Bc3 (20. b3 $14) 20... b5 21. axb5 {[%emt 0:03:49] Dancing on a razor blade.} cxb5 {[%emt 0:11:23] The position is equal.} 22. Nxe5+ Nxe5 23. Bd4 Bxd4 {[%emt 0:01:43] Weighted Error Value: White=0.14 (very precise) /Black=0.19 (very precise)} 1/2-1/2

[Event "Germany Countries-chT Youth 2022"]
[Site "Wiesbaden"]
[Date "2022.10.02"]
[Round "3"]
[White "Besou, Hussain"]
[Black "Kieselbach, Jannik"]
[Result "1-0"]
[ECO "E15"]
[WhiteElo "2119"]
[BlackElo "1848"]
[Annotator "TA"]
[PlyCount "71"]
[EventDate "2022.09.28"]
[EventType "team-tourn"]
[EventRounds "7"]
[EventCountry "GER"]
[SourceTitle "playchess.com"]
[Source "ChessBase"]
[SourceQuality "1"]
[TimeControl "40/5400+30:1800+30"]

1. d4 Nf6 2. c4 e6 3. Nf3 b6 4. g3 Bb7 5. Bg2 c5 6. d5 exd5 7. Nh4 Qc7 (7... g6 $11 {remains equal.}) 8. Nc3 {[%emt 0:04:27] And now Nb5 would win. E16: Queen's Indian: 4 g3 Bb7 5 Bg2 Bb4+.} a6 {[%emt 0:05:27] [#] Against Nb5} ({Not} 8... dxc4 9. Nb5 Qc8 10. Nf5 $1 Bxg2 11. Nbd6+ Bxd6 12. Nxd6+ Ke7 13. Nxc8+ Rxc8 14. Rg1 $16) 9. Nxd5 $146 (9. Bg5 {is interesting.} dxc4 10. Bxf6 gxf6 11. O-O) ({Predecessor:} 9. cxd5 b5 10. Bg5 Qb6 11. e4 h6 12. Bxf6 Qxf6 13. O-O d6 14. f4 g6 15. e5 Qd8 {1-0 (26) Wendt,J (2352)-Pasko,S Ohrid 2009}) 9... Nxd5 10. Bxd5 {[%emt 0:00:09] White is better.} Bxd5 11. Qxd5 Qc6 12. Qe5+ Qe6 13. Qc3 Nc6 14. Nf3 h6 15. O-O Be7 16. Be3 ({Wrong is} 16. Qxg7 $2 Bf6 17. Qxh6 Rxh6 18. Bxh6 Qxc4 $19) 16... Bf6 17. Qc2 Ne5 ({Black should try} 17... O-O $15) 18. Nxe5 $11 Bxe5 19. Rad1 h5 20. Qe4 Rb8 21. b3 Bc7 {[%emt 0:06:17] White now steadily converts the win.} 22. Qf3 {[%emt 0:01:55] White has more active pieces. The black rooks are badly placed.} f6 23. Bf4 Be5 24. Rd5 d6 25. Rfd1 {[%emt 0:01:37] aiming for Bxe5.} Ke7 {[%emt 0:01:19] [#]} (25... Qf5 $16 {keeps fighting.}) 26. Bxe5 $1 $18 ({Don't play} 26. Rxd6 $6 Bxd6 27. Bxd6+ Qxd6 28. Rxd6 Kxd6 29. Qd5+ Ke7 $18) 26... fxe5 (26... dxe5 {was called for.} 27. Qd3 e4 28. Rd7+ Kf8) 27. Rxd6 Qxd6 28. Rxd6 Kxd6 {[%emt 0:00:10][%mdl 4096] Endgame KQ-KRR} 29. Qd5+ Ke7 30. Qxe5+ Kf7 31. Qf5+ Ke7 32. Qg6 Kf8 33. Qd6+ Kf7 34. Qd7+ Kf6 35. e4 g6 (35... h4 $142 36. gxh4 Ke5 37. Qd5+ Kf6) 36. f4 {[%emt 0:00:42] Weighted Error Value: White=0.09 (flawless) /Black=0.41} 1-0

[Event "Germany Countries-chT Youth 2022"]
[Site "Wiesbaden"]
[Date "2022.10.02"]
[Round "3"]
[White "Hassemeier, Mika"]
[Black "Chassard, Cedric"]
[Result "1/2-1/2"]
[ECO "A06"]
[WhiteElo "2095"]
[BlackElo "2042"]
[Annotator "TA"]
[PlyCount "42"]
[EventDate "2022.09.28"]
[EventType "team-tourn"]
[EventRounds "7"]
[EventCountry "GER"]
[SourceTitle "playchess.com"]
[Source "ChessBase"]
[SourceQuality "1"]
[TimeControl "40/5400+30:1800+30"]

1. Nf3 d5 2. e3 Nf6 3. c4 e6 4. Nc3 Be7 5. b3 O-O 6. Bb2 b6 7. g3 Bb7 8. Bg2 c5 9. O-O (9. cxd5 {is more complex.} Nxd5 10. Nxd5 Qxd5 11. O-O) 9... Qc8 {[%emt 0:12:23] The modern move. A14: English Opening: 1...e6 with b3 by White.} 10. Qe2 Nc6 11. d3 {[%emt 0:04:01] [#]} dxc4 $146 ({Predecessor:} 11... Rd8 12. Rac1 d4 13. exd4 Nxd4 14. Nxd4 cxd4 15. Ne4 Nxe4 16. Bxe4 a5 17. a3 Qd7 18. h4 {½-½ (55) Anton Guijarro,D (2650)-Leko,P (2693) Doha 2016}) 12. dxc4 Rd8 13. Rad1 Bf8 14. Rxd8 (14. Ng5 {is more complex.} Be7 15. f4 Rxd1 16. Rxd1 Qf8 17. Nce4) 14... Qxd8 15. Rd1 Qe7 16. e4 Rd8 17. e5 Ne8 18. h4 Rd7 ({But not} 18... Nd4 19. Nxd4 Rxd4 20. Rxd4 cxd4 21. Nb5 $16) 19. Rxd7 Qxd7 20. Qd1 Qxd1+ 21. Nxd1 Nb4 {[%emt 0:03:56] Weighted Error Value: White=0.05 (flawless) /Black=0.07 (flawless)} 1/2-1/2

[Event "Germany Countries-chT Youth 2022"]
[Site "Wiesbaden"]
[Date "2022.10.02"]
[Round "3"]
[White "Lange, Jannis"]
[Black "Hänselmann, Hendrik"]
[Result "1-0"]
[ECO "B40"]
[WhiteElo "2085"]
[BlackElo "1989"]
[Annotator "TA"]
[PlyCount "139"]
[EventDate "2022.09.28"]
[EventType "team-tourn"]
[EventRounds "7"]
[EventCountry "GER"]
[SourceTitle "playchess.com"]
[Source "ChessBase"]
[SourceQuality "1"]
[TimeControl "40/5400+30:1800+30"]

1. e4 c5 2. Nf3 e6 3. Nc3 Nc6 4. Bb5 Nge7 5. O-O a6 6. Be2 {[%emt 0:00:39] B30: Sicilian: 2...Nc6 3 Bb5, lines without ...g6.} Nd4 7. d3 Nec6 8. Re1 {[%emt 0:04:58] The position is equal.} Be7 9. Bf1 O-O {[%emt 0:02:11] [#]} 10. Be3 $146 (10. Nxd4 cxd4 11. Ne2) (10. g3 $11) ({Predecessor:} 10. Nb1 Nxf3+ 11. Qxf3 b5 12. c3 Bb7 13. Na3 Rc8 14. Nc2 f5 15. exf5 Rxf5 16. Qh3 {0-1 (57) Njili,K (2247)-Rooze,J (2338) Budapest 2010}) 10... Qc7 (10... Nxf3+ 11. Qxf3 f5) (10... Nxf3+ $15 11. Qxf3 f5) 11. a4 (11. Nd2 $11) 11... b6 12. g3 Bb7 13. Bg2 Rac8 14. Ne2 Bf6 15. c3 Nxf3+ 16. Bxf3 Ne5 17. Bg2 c4 18. Nf4 Nxd3 19. Nxd3 cxd3 20. Qxd3 Rfd8 21. Bf4 Be5 22. Bg5 f6 23. Be3 Bd6 24. Rad1 Be7 25. Qc2 Bc5 26. Bf4 e5 27. Qb3+ Kh8 ({Don't take} 27... d5 {[#]} 28. exd5 $1 Qd6 29. Be3 $16) 28. Be3 d6 29. Rd2 Bc6 30. h4 Qb7 31. Rdd1 (31. Qd1 $14 {might be stronger.}) 31... Qd7 $11 {[%emt 0:02:59] [#] ...Bxe3 is the strong threat.} 32. Ra1 Rb8 33. Qc4 b5 34. axb5 Bxb5 35. Qd5 Bc6 36. Qd2 Qb7 37. b4 Bxe3 38. Rxe3 Bb5 39. Qa2 Rbc8 40. Qe6 Bc4 41. Qf5 Rc7 42. h5 h6 43. Ra5 Rcd7 44. Rd5 Qc6 45. Qg6 Rc7 (45... Bxd5 $2 46. exd5 Qc4 47. Be4 Qxe4 48. Rxe4 $18) 46. Ra5 Bf7 47. Qf5 Qc4 (47... Qe8 $11) 48. Bf1 $16 Qb3 49. Rxa6 Rxc3 50. Rxc3 Qxc3 51. Ra7 Bc4 {[%emt 0:05:16][%mdl 8192] This costs Black the game.} (51... Kg8 $16) 52. Rc7 $18 ({Don't go for} 52. Rxg7 $2 Kxg7 53. Qg6+ Kf8 54. Qxf6+ Ke8 $19) 52... Be6 53. Rxc3 Bxf5 54. exf5 {[%emt 0:00:00][%mdl 4096] Endgame White threatens b5 and mate. KRB-KR} d5 55. f3 {[%emt 0:00:00] Hoping for b5.} d4 56. Rb3 {[%emt 0:00:00] White mates.} Kg8 57. b5 Kf7 58. b6 Ke7 59. b7 Rb8 60. Bd3 Kd6 61. Kf2 Kc5 62. Ke2 Kd6 63. Be4 Kc5 64. Ra3 Kc4 65. Ra8 d3+ 66. Bxd3+ Kd4 67. Rxb8 e4 68. Rd8+ Kc3 69. b8=Q exf3+ 70. Ke3 {[%emt 0:00:00] Weighted Error Value: White=0.09 (flawless) /Black=0.22 (precise)} 1-0

[Event "Germany Countries-chT Youth 2022"]
[Site "Wiesbaden"]
[Date "2022.10.02"]
[Round "3"]
[White "Leonard, Timo"]
[Black "Pubantz, Jan"]
[Result "1/2-1/2"]
[ECO "D14"]
[WhiteElo "2067"]
[BlackElo "2273"]
[Annotator "TA"]
[PlyCount "127"]
[EventDate "2022.09.28"]
[EventType "team-tourn"]
[EventRounds "7"]
[EventCountry "GER"]
[SourceTitle "playchess.com"]
[Source "ChessBase"]
[SourceQuality "1"]
[TimeControl "40/5400+30:1800+30"]

1. d4 d5 2. c4 c6 3. cxd5 cxd5 4. Nc3 Nf6 5. Bf4 Nc6 6. Nf3 Bf5 7. Qb3 Na5 8. Qa4+ Bd7 9. Qc2 e6 $1 {[%emt 0:00:19] 9...e6 is better than 9...Rc8. D14: Slav Defence: Exchange variation with ...Bf5.} 10. e3 Bb4 {[%emt 0:00:43] [#]} 11. a3 $146 ({Predecessor:} 11. Bd3 Rc8 12. O-O O-O 13. Bg5 h6 14. Bh4 Be7 15. Rac1 Nc6 16. a3 Nh5 17. Bxe7 Qxe7 {1-0 (28) Dubov,D (2711)-Matlakov,M (2674) Chess.com INT 2022}) 11... Be7 (11... Bxc3+ $5 12. bxc3 Rc8 $11) 12. Ne5 Rc8 13. Bd3 Nc4 (13... Nh5 $5 ) 14. O-O Nh5 (14... Nxe5 $11 15. Bxe5 Qb6) 15. Qe2 {[%emt 0:05:51] White is more active.} (15. Nxd7 Qxd7 16. Be5 (16. Bxh7 g6 $17) 16... f6 17. Bxc4 Rxc4 $11) ({Better is} 15. Bxc4 $16 {Hoping for Bd3.} dxc4 16. Rad1 Nxf4 17. exf4) 15... Nxf4 $11 16. exf4 Nxe5 17. fxe5 Qb6 18. Qg4 g5 19. Ne2 $1 Qxb2 20. Qh5 (20. Rab1 $11 Qxa3 21. Qg3) 20... Ba4 $1 $17 (20... Bxa3 $2 21. Rfb1 Qd2 22. Rxa3 $18) 21. Rac1 (21. Qf3 $17 Qd2 22. Rab1) 21... Rxc1 $19 22. Rxc1 Qd2 (22... Qxa3 $19 23. Rc3 Qb2) 23. Qf3 $17 Kd7 24. h4 h6 25. Bf5 Bc6 $19 {[%emt 0:01:59] A strong pair of Bishops.} 26. Bg4 Rf8 27. Qb3 Qa5 28. Rc3 f5 ({Inferior is} 28... gxh4 29. Nf4 $17) (28... Qa4 $19 {aiming for ...Qxb3.} 29. Qb1 Bxa3) 29. exf6 $17 Rxf6 ({Of course not} 29... Bxf6 $6 30. Qc2 $11) 30. Bf3 (30. h5 $17 {was worth a try.}) 30... gxh4 $19 31. Nc1 Qb6 32. Qxb6 axb6 33. Nd3 Bd6 34. Bg4 (34. Rb3 $142) 34... Bb5 35. f3 Rf8 36. Nb4 Bc4 37. Re3 Rf6 38. Nd3 Bxd3 (38... b5 $19 {and Black stays clearly on top. And now ...Kc7 would win.} 39. Kf2 Bg3+ 40. Kg1 Kd6) 39. Rxd3 {[%emt 0:00:03][%mdl 4096] Endgame KRB-KRB} Bf4 40. Kf1 Kc6 41. Rc3+ Kb5 $1 42. Ke2 Ka4 43. Kd3 b5 44. Rc8 (44. Rc2 $17 {might work better.}) 44... Kxa3 {[%emt 0:03:11] Strongly threatening ...b4.} 45. Ra8+ {[%emt 0:00:06] [#]} Kb2 $1 46. Re8 e5 $2 (46... Rf7 $19 {White must now prevent ...Rc7.} 47. Bxe6 Rg7) 47. dxe5 $15 Rc6 48. Kd4 $1 Rc2 49. Kxd5 Rxg2 50. Ke4 (50. Rf8 $5 Bg5 51. Rf7 $15) 50... Bd2 51. Rb8 Rg3 {[%emt 0:01:53] Threatens to win with ...h3.} 52. Rxb7 h3 53. Rxb5+ Kc2 54. e6 Bg5 55. Bxh3 Rxh3 $11 {[%emt 0:00:13] KRB-KR} 56. f4 Be7 57. Rb7 Ba3 {[%emt 0:00:38] [#]} (57... Bh4 $11) 58. Rc7+ (58. f5 $1 $16 ) 58... Kd2 $1 {[%emt 0:00:28] The position is equal.} 59. Rd7+ Ke2 60. f5 Rh4+ 61. Ke5 {[%emt 0:00:49] e7 is the strong threat.} Ke3 62. Kf6 Re4 63. Kf7 h5 64. f6 {[%emt 0:00:38] And White is the lucky defender.  Weighted Error Value: White=0.26 (precise) /Black=0.21 (precise)} 1/2-1/2